 Dungeon Crawl Stone Soup version 0.28.0-53-g5a82cb258f (webtiles) character file.

Game seed: 11883063316662495319

68 mortz the Gusty (level 3, 26/26 HPs)
             Began as a Demigod Air Elementalist on Aug 18, 2022.
             Quit the game on level 2 of the Dungeon on Aug 20, 2022.
             The game lasted 00:08:31 (2421 turns).

mortz the Gusty (Demigod Air Elementalist)          Turns: 2421, Time: 00:08:32

Health: 26/26      AC:  2    Str:  9    XL:     3   Next: 73%
Magic:  9/9        EV: 12    Int: 21    God:
Gold:   117        SH:  0    Dex: 14    Spells: 3/6 levels left

rFire   . . .      SeeInvis .   k - +0 short sword {short}
rCold   . . .      Faith    .   (no shield)
rNeg    . . .      Spirit   .   a - +0 robe
rPois   .          Reflect  .   (no helmet)
rElec   .          Harm     .   (no cloak)
rCorr   .          Rampage  .   (no gloves)
Will    +....                   (no boots)
Stlth   ++........              (no amulet)
HPRegen 0.08/turn               i - ring of willpower
MPRegen 0.11/turn               e - ring of wizardry

@: no status effects
A: high MP 1, forlorn, divine attributes
a: no special abilities


You were on level 2 of the Dungeon.
You visited 1 branch of the dungeon, and saw 2 of its levels.

You collected 117 gold pieces.


Innate Abilities, Weirdness & Mutations

You have an increased reservoir of magic. (+10% MP)
You shall have no god before yourself.
Your divine heritage dramatically boosts your attributes as you level up.


   Skills:
 + Level 2.0 Dodging
 * Level 2.5 Stealth
 + Level 2.3 Spellcasting
 + Level 1.5 Conjurations
 + Level 3.2 Air Magic


You had 3 spell levels left.
You knew the following spells:

 Your Spells              Type           Power      Damage    Failure   Level
a - Shock                 Conj/Air       48%        1d6       2%          1
b - Static Discharge      Conj/Air       12%        N/A       3%          2

Your spell library contained the following spells:

 Spells                   Type           Power      Damage    Failure   Level
 Swiftness                Air            16%        N/A       4%          3
 Airstrike                Air            8%         N/A       16%         4

Inventory:

Hand Weapons
 b - a +0 dagger {short}
   (You took it off a goblin on level 1 of the Dungeon)
 j - a +0 hand axe {axe}
   (You found it on level 2 of the Dungeon)
 k - a +0 short sword (weapon) {short}
   (You took it off a kobold on level 2 of the Dungeon)
Missiles
 g - 2 boomerangs {throwing}
Armour
 a - a +0 robe (worn)
 h - a +0 ring mail
   (You found it on level 2 of the Dungeon)
Jewellery
 e - a ring of wizardry (right hand)
   (You found it on level 2 of the Dungeon)
 i - a ring of willpower (left hand)
   (You found it on level 1 of the Dungeon)
Potions
 c - 3 potions of magic {unknown}
 f - a potion of might {unknown}

Dungeon Overview and Level Annotations

Branches:
Dungeon (2/15)

########## .........#
######## .........#
#......#
.........#####..@...#
###.........##......#
.##.........##......#
.##.................#
.##.................#
.#####.............##
.#####.#........##.#
...........>....##.#
.####.......######.#


There were no monsters in sight!


Message History

You lost 1 mp, and now have 6/8 mp.
The zap hits the adder. 😎 MP[-1]
You lost 1 mp, and now have 5/8 mp.
The zap hits the adder.
You kill the adder! 😎 MP[-1]
You now have 97 gold pieces (gained 9). 😎 MP[+5]
Your mp is fully restored (9).
The zap misses the ball python.
The ball python hisses angrily. 😎 MP[-1]
You lost 1 mp, and now have 8/9 mp.
The zap hits the ball python.
You kill the ball python! 😎 MP[-1]
You lost 1 mp, and now have 7/9 mp.
You start resting. 😎 MP[+2]
Your mp is fully restored (9).
You see here a +0 hand axe {axe}.
j - a +0 hand axe {axe}
There is an open door here.
Things that are here:
a throwing net {=f!fthrowing}; a +0 flail {mace}; a gnoll skeleton
There is an open door here.
A bat comes into view.
The zap hits the bat. 😎 MP[-1]
You lost 1 mp, and now have 8/9 mp.
The zap hits the bat.
You kill the bat! 😎 MP[-1]
You lost 1 mp, and now have 7/9 mp.
You see here a bat corpse.
A hobgoblin comes into view. 😎 MP[+2]
Your mp is fully restored (9).
The zap hits the hobgoblin. 😎 MP[-1]
You lost 1 mp, and now have 8/9 mp.
The zap hits the hobgoblin.
You kill the hobgoblin! 😎 MP[-1]
You lost 1 mp, and now have 7/9 mp.
A rat comes into view. 😎 MP[+2]
Your mp is fully restored (9).
The zap hits the rat.
You kill the rat! 😎 MP[-1]
You lost 1 mp, and now have 8/9 mp.
A kobold comes into view. It is wielding a +0 short sword.
Found a stone staircase leading up. 😎 MP[+1]
Your mp is fully restored (9).
The kobold shouts!
The zap hits the kobold.
You kill the kobold! 😎 MP[-1]
You lost 1 mp, and now have 8/9 mp.
You see here a +0 short sword {short}.
k - a +0 short sword (weapon)
{short} You now have 104 gold pieces (gained 7). 😎 MP[+1]
Your mp is fully restored (9).
You now have 117 gold pieces (gained 13).
There is a stone staircase leading up here.
You open the door.
There is an open door here.
You open the door.
An adder comes into view.
The adder hisses angrily.
There is an open door here.
The zap hits the adder. 😎 MP[-1]
You lost 1 mp, and now have 8/9 mp.
The zap misses the adder. 😎 MP[-1]
You lost 1 mp, and now have 7/9 mp.
The zap hits the adder.
You kill the adder! 😎 MP[-1]
You lost 1 mp, and now have 6/9 mp.
Done exploring. 😎 MP[+3]
Your mp is fully restored (9).
Done exploring.
As you read the scroll labelled CASENEAMYR, it crumbles to dust.
You feel strangely unstable.
It was a scroll of teleportation.
Your surroundings suddenly seem different.
Save game and exit? 🤖 Initializing magus.rc ... ✅ Successfully initialized magus.rc [v1.9.6] Welcome back, mortz the Demigod Air Elementalist.
Press ? for a list of commands and other information.
Okay, then.
Are you sure you want to abandon this character and quit the game? (Confirm with "yes".)

Skill      XL: |  1  2 |
---------------+-------+-----
Conjurations   | 1 |  1.5
Air Magic      | 3 |  3.2
Dodging        | 2 |  2.0
Stealth        | 2 |  2.5
Spellcasting   | 2 |  2.3

Action                   || total
-------------------------++-------
 Cast: Shock             ||    60
       Static Discharge  ||     3
  Use: Scroll            ||     2
Armor: Robe              ||     1
Dodge: Dodged            ||     8

Levels and vault maps discovered:
D:1:      sevenhm_arrival_forest_fort_large_3, layout_basic,
          dreamdust_ecumenical_altar_statues
D:2:      layout_basic

Notes
Turn   | Place    | Note
-------+----------+-------------------------------------------
     0 | D:1      | mortz the Demigod Air Elementalist began the quest for the
                  | Orb.
     0 | D:1      | Reached XP level 1. HP: 14/14 MP: 5/5
     0 | D:1      | magus.rc [v1.9.6]
   399 | D:1      | Reached skill level 1 in Conjurations
   557 | D:1      | Reached skill level 3 in Air Magic
   654 | D:1      | Reached XP level 2. HP: 20/20 MP: 5/7
   657 | D:1      | Learned a level 2 spell: Static Discharge
  1089 | D:1      | Reached skill level 2 in Dodging
  1089 | D:1      | Reached skill level 2 in Stealth
  1547 | D:2      | Reached skill level 2 in Spellcasting
  1719 | D:2      | Reached XP level 3. HP: 15/26 MP: 0/8
  2421 | D:2      | magus.rc [v1.9.6]
  2421 | D:2      | Quit the game

Vanquished Creatures
  2 gnolls
  2 adders (D:2)
  A dart slug (D:2)
  2 ball pythons
  3 endoplasms
  2 giant cockroaches (D:1)
  5 hobgoblins
  A quokka (D:1)
  4 bats
  A frilled lizard (D:1)
  3 goblins
  A kobold (D:2)
  A rat (D:2)
28 creatures vanquished.

Table legend:
 A = Non-vault XP
 B = Vault XP
 C = Vault XP percentage of total XP
 D = Non-vault monster count
 E = Vault monster count
 F = Vault count percentage of total count
                 A         B        C        D         E       F
            +---------+---------+-------+---------+---------+-------
      Total |      98 |       0 |   0.0 |      28 |       0 |   0.0
            +---------+---------+-------+---------+---------+-------
        D:1 |      37 |       0 |   0.0 |      14 |       0 |   0.0
        D:2 |      61 |       0 |   0.0 |      14 |       0 |   0.0
            +---------+---------+-------+---------+---------+-------

Illustrated notes

Table legend:
 A = Kills in this place as a percentage of kills in entire the game.
 B = Kills by you in this place as a percentage of kills by you in the entire game.
 C = Kills by friends in this place as a percentage of kills by friends in the entire game.
 D = Other kills in this place as a percentage of other kills in the entire game.
 E = Experience gained in this place as a percentage of experience gained in the entire game.
 F = Experience gained in this place divided by the number of levels of this place that you have seen.
                   A       B       C       D       E      F
               +-------+-------+-------+-------+-------+----------------------
         Total | 100.0 | 100.0 |   N/A |   N/A | 100.0 |  49.0
       Dungeon | 100.0 | 100.0 |   N/A |   N/A | 100.0 |  49.0
               +-------+-------+-------+-------+-------+----------------------

Table legend: (Time is in decaauts)
 A = Elapsed time spent in this place.
 B = Non-inter-level travel time spent in this place.
 C = Inter-level travel time spent in this place.
 D = Time resting spent in this place.
 E = Time spent auto-exploring this place.
 F = Levels seen in this place.
 G = Mean time per level.
                   A        B        C        D        E       F      G
               +--------+--------+--------+--------+--------+-----+--------+
         Total |   2419 |   2267 |    152 |     26 |   1979 |   2 | 1209.5 |
       Dungeon |   2419 |   2267 |    152 |     26 |   1979 |   2 | 1209.5 |
               +--------+--------+--------+--------+--------+-----+--------+

Top non-repeatable levels by time:
     D:1: 1511 daAuts
     D:2: 908 daAuts
